AoeStats
← Thorfinn

Arabian Desert

509517293Analyzed
1v1 RM · 6d ago on Sep 27, 2026· 52m 20s· 2 players
Game mode
Random Map
Map size
Tiny (2 player)
Population
200
Speed
Normal
Resources
Standard
Victory
Conquest
Starting age
Dark Age
Ending age
Imperial Age
RankedLock teamsTeams togetherTeam positionsShared explorationLock speedFull tech treeHidden civsTurbo modeCheats
Victory
Defeat
🇺🇾 Vikings · Uruguay
981
+17
🇺🇸 Vietnamese · United States
1000
-17
Thorfinn
4:55 Loom
11:25 Feudal Age
11:50 Man-at-Arms
15:27 Double-Bit Axe
20:56 Castle Age
19:27 Fletching
20:02 Gold Mining
19:57 Horse Collar
28:34 Town Watch
30:20 Bodkin Arrow
33:28 Padded Archer Armor
37:57 Ballistics
37:57 Elite Skirmisher
44:11 Imperial Age
44:04 Bow Saw
46:24 Conscription
46:06 Bracer
46:22 Leather Archer Armor
49:14 Chemistry
51:51 Scale Mail Armor
52:21 Ring Archer Armor
Tim
7:11 Loom
10:23 Feudal Age
11:28 Double-Bit Axe
21:44 Fletching
30:25 Castle Age
31:03 Bodkin Arrow
35:35 Crossbowman
37:05 Padded Archer Armor
40:40 Bow Saw
47:05 Scale Barding Armor
47:13 Forging
48:37 Light Cavalry
49:29 Bloodlines
49:19 Husbandry
Connection lost

Rejoining the realm…

Still unreachable

The connection could not be restored.

Session expired

The server has moved on; the page needs a fresh start.